Map: Jagannatha LE

Players

Rail

  • Race: Protoss Protoss

Gerald - Winner!

  • Race: Protoss Protoss

Event: DreamHack SC2 Masters 2021 Winter

VOD

Have the link to the VOD?

Description

Time

  • Played on: Oct. 9, 2021, 1:54 p.m.
  • Length: 7:21

All games in this series

Show
View Real Time Build Order
Export as new Build Order

Rail Protoss 

Build Orders:  

Get SALT Encoding   

  12  0:01  Probe  
  13  0:13  Probe  
  14  0:17  Pylon  
  14  0:25  Probe (Chrono Boost)  
  15  0:37  Gateway, Probe (Chrono Boost)  
  16  0:44  Probe (Chrono Boost)  
  16  0:49  Assimilator  
  17  0:51  Probe  
  18  1:01  Gateway  
  18  1:04  Probe (Chrono Boost)  
  19  1:08  Assimilator  
  19  1:13  Probe (Chrono Boost)  
  20  1:18  Probe (Chrono Boost)  
  20  1:24  Cybernetics Core  
  21  1:30  Probe  
  22  1:36  Pylon  
  22  1:42  Probe  
  23  1:55  Probe  
  24  2:01  Adept x2  
  24  2:02  Warp Gate  
  29  2:13  Pylon  
  28  2:26  Robotics Facility  
  28  2:31  Stalker x2  
  32  2:56  Gateway  
  32  3:01  Stalker x2  
  36  3:10  Warp Prism (Chrono Boost)  
  38  3:20  Pylon  
  38  3:29  Shield Battery  
  38  3:38  Observer (Chrono Boost)  
  39  3:50  Stalker  
  39  3:51  Stalker  
  39  3:53  Stalker  
  45  4:00  Pylon  
  45  4:21  Stalker x2  
  49  4:37  Twilight Council  
  49  4:57  Stalker  
  51  5:11  Stalker  
  53  5:20  Sentry  
  53  5:34  Blink (Chrono Boost)  
  52  5:54  Stalker  
  54  5:59  Pylon  
  54  6:07  Pylon  
  54  6:08  Observer  
  54  6:17  Sentry  
  54  6:18  Stalker  
  58  6:21  Stalker  
  58  6:24  Pylon  
  60  6:51  Stalker x2, Sentry  
  66  7:01  Pylon  
  48  7:15  Stalker x2  
Show
View Real Time Build Order
Export as new Build Order

Gerald Protoss - Winner!

Build Orders: Oracle Opening 

Get SALT Encoding   

  12  0:00  Probe  
  13  0:12  Probe  
  14  0:17  Pylon  
  14  0:25  Probe (Chrono Boost)  
  16  0:37  Probe (Chrono Boost)  
  16  0:38  Gateway  
  16  0:42  Probe (Chrono Boost)  
  16  0:47  Assimilator  
  17  0:51  Probe  
  17  0:57  Assimilator  
  18  1:03  Probe (Chrono Boost)  
  19  1:11  Gateway  
  19  1:15  Probe (Chrono Boost)  
  20  1:20  Probe  
  21  1:29  Cybernetics Core  
  21  1:32  Probe  
  22  1:39  Pylon  
  22  1:44  Probe  
  23  1:57  Probe  
  24  2:05  Stalker  
  24  2:06  Stalker, Warp Gate  
  28  2:09  Probe  
  28  2:13  Pylon  
  29  2:20  Pylon  
  29  2:24  Probe  
  30  2:35  Stargate  
  30  2:43  Stalker  
  31  2:46  Probe  
  31  2:49  Stalker  
  34  2:55  Shield Battery  
  34  3:06  Pylon  
  34  3:11  Probe  
  34  3:17  Oracle (Chrono Boost)  
  37  3:39  Nexus  
  37  3:43  Probe  
  37  3:47  Pylon  
  38  3:53  Shield Battery  
  38  3:56  Probe  
  39  4:09  Robotics Facility  
  39  4:12  Sentry x2  
  43  4:22  Shield Battery  
  43  4:24  Pylon  
  43  4:33  Shield Battery  
  43  4:34  Pylon  
  43  4:35  Stalker x2  
  47  4:39  Pylon  
  47  4:55  Gateway x2  
  47  5:04  Immortal (Chrono Boost)  
  51  5:18  Stalker  
  53  5:22  Pylon  
  53  5:36  Warp Prism  
  51  5:45  Sentry  
  53  5:57  Twilight Council  
  53  5:59  Stalker x2  
  57  6:10  Immortal (Chrono Boost)  
  61  6:32  Adept  
  61  6:33  Adept x2  
  67  6:58  Pylon  
  63  7:10  Zealot x3  

Tags
 
Add a new tag
Caveats
  • Supply blocks, unpowered buildings, or Contaminate may cause inaccurate times.
  • Supply counts are checked every 10 seconds.